 Dungeon Crawl Stone Soup version 0.22-a0-422-g9628fc8 (webtiles) character file.

50634 Jarlath the Gelid (level 14, -10/68 HPs)
             Began as a Deep Elf Ice Elementalist on May 17, 2018.
             Was a High Priest of Vehumet.
             Mangled by Donald
             ... wielding a +7 demon trident of electrocution
              (14 damage)
             ... on level 2 of the Swamp.
             The game lasted 00:31:51 (23330 turns).

Jarlath the Gelid (Deep Elf Ice Elementalist)      Turns: 23330, Time: 00:31:51

Health: -10/68     AC: 12    Str: 10    XL:     14   Next: 20%
Magic:  13/41      EV: 13    Int: 26    God:    Vehumet [*****.]
Gold:   1136       SH:  6    Dex: 15    Spells: 10/37 levels left

rFire    + . .     SeeInvis .   o - +4 dagger (elec)
rCold    + . .     Gourm    .   g - +1 buckler
rNeg     . . .     Faith    .   t - +2 robe {rF+}
rPois    .         Spirit   .   V - +0 helmet of Pride {rF+ Str+5} (curse)
rElec    +         Reflect  .   m - +0 cloak
rCorr    .         Harm     .   A - +5 pair of gloves of Bouguviph {rElec}
MR       +....     Clarity  +   (no boots)
Stlth    +++++.....             N - amulet of magic regeneration
HPRegen  0.21/turn              e - ring of magical power
MPRegen  0.52/turn              j - ring of ice

@: no status effects
A: blink, clarity
a: Blink, Renounce Religion


You were on level 2 of the Swamp.
You worshipped Vehumet.
Vehumet was extremely pleased with you.
You were not hungry.

You visited 3 branches of the dungeon, and saw 18 of its levels.

You collected 1366 gold pieces.
You spent 230 gold pieces at shops.

Inventory:

Hand Weapons
 o - a +4 dagger of electrocution (weapon)
 y - the +6 dagger of the Boiling Point {pierce, rElec rPois Str-3}
   (You took it off a crimson imp on level 7 of the Dungeon)

   It inflicts extra damage upon your enemies.
   It affects your strength (-3).
   It insulates you from electricity.
   It protects you from poison.
Armour
 g - a +1 buckler (worn)
 m - a +0 cloak (worn)
 s - a +1 hat
 t - a +2 robe of fire resistance (worn)
 A - the +5 pair of gloves of Bouguviph (worn) {rElec}
   (You acquired it on level 7 of the Dungeon)

   It insulates you from electricity.
 V - the cursed +0 helmet of Pride (worn) {rF+ Str+5}
   (You found it on level 2 of the Lair of Beasts)

   It affects your strength (+5).
   It protects you from fire.
   It has a curse placed upon it.
Jewellery
 a - an uncursed ring of protection from fire
 d - an uncursed ring of wizardry {unknown}
 e - a ring of magical power (left hand)
 f - an uncursed ring of positive energy
 j - a ring of ice (right hand)
 p - a +1 ring of protection
 u - an uncursed ring of stealth {unknown}
 x - an uncursed ring of see invisible {unknown}
 C - a +4 ring of strength {unknown}
 D - a cursed ring of loudness
 G - an uncursed ring of flight
 N - an amulet of magic regeneration (around neck)
 P - an uncursed amulet of the gourmand
 T - a +2 ring of evasion {unknown}
 U - a cursed -3 ring of protection
Wands
 b - a wand of enslavement (7)
 h - a wand of paralysis (15)
 l - a wand of scattershot (10)
 z - a wand of digging (8)
 H - a wand of iceblast (16)
 L - a wand of acid (15)
Scrolls
 i - 8 scrolls of teleportation
 k - 3 scrolls of magic mapping
 r - 15 scrolls of remove curse
 v - a scroll of amnesia
 E - 2 scrolls of fear
 S - 4 scrolls of fog
Potions
 n - a potion of degeneration {unknown}
 q - a potion of resistance
 w - 2 potions of flight
 B - 2 potions of brilliance
 F - a potion of haste
 I - a potion of ambrosia
 K - 4 potions of heal wounds
 M - a potion of agility
 R - 2 potions of curing
Comestibles
 c - 16 rations


   Skills:
 - Level 2.4 Dodging
 - Level 11.2 Stealth
 - Level 4.3 Shields
 - Level 12.2 Spellcasting
 * Level 13.8 Conjurations
 - Level 15.0 Ice Magic
 + Level 9.4 Air Magic


You had 10 spell levels left.
You knew the following spells:

 Your Spells              Type           Power        Failure   Level  Hunger
a - Summon Lightning Spi  Summ/Air       #####...     5%          4    None
b - Ozocubu's Armour      Chrm/Ice       ######..     1%          3    None
c - Summon Ice Beast      Ice/Summ       ######..     1%          4    None
d - Throw Icicle          Conj/Ice       #######.     1%          4    None
e - Freezing Cloud        Conj/Ice/Air   #######...   1%          6    #####..
f - Bolt of Cold          Conj/Ice       #######...   1%          6    #####..

Your spell library contained the following spells:

 Spells                   Type           Power        Failure   Level  Hunger
 Magic Dart               Conj           ####         0%          1    None
 Apportation              Tloc           ###...       3%          1    None
 Conjure Flame            Conj/Fire      ######..     1%          3    None
 Throw Frost              Conj/Ice       ######       0%          2    None
 Mephitic Cloud           Conj/Pois/Air  ######..     1%          3    None
 Ring of Flames           Chrm/Fire      ###.......   100%        7    ######.
 Summon Small Mammal      Summ           ###.         3%          1    None
 Iskenderun's Mystic Bla  Conj           ######..     1%          4    None
 Animate Skeleton         Necr           N/A          3%          1    None
 Freeze                   Ice            ####         0%          1    None
 Call Imp                 Summ           ###.....     5%          2    None
 Regeneration             Chrm/Necr      ###.......   11%         3    None
 Confusing Touch          Hex            ###...       3%          1    None
 Call Canine Familiar     Summ           ###.....     11%         3    None
 Shroud of Golubria       Chrm/Tloc      ###.......   5%          2    None
 Fulminant Prism          Conj/Hex       ######....   1%          4    None
 Dazzling Spray           Conj/Hex       ######       1%          3    None
 Force Lance              Conj/Tloc      ######..     1%          4    None
 Infusion                 Chrm           ###.         3%          1    None
 Song of Slaying          Chrm           ###.....     5%          2    None
 Spectral Weapon          Hex/Chrm       ###.....     11%         3    None
 Searing Ray              Conj           ######       0%          2    None
 Summon Guardian Golem    Hex/Summ       ###.....     11%         3    None
 Poisonous Vapours        Pois/Air       #####.       1%          2    None


Dungeon Overview and Level Annotations

Branches:
Dungeon (13/15)            Temple (0/1) D:7            Lair (3/6) D:8
  Swamp (2/4) Lair:3          Orc (0/2) D:12         Vaults (0/5) D:13
  Snake: Lair:2-4    Spider: Lair:2-4

Altars:
Cheibriados
Elyvilon
Gozag
Nemelex Xobeh
Qazlal
Trog
Vehumet
Wu Jian
Xom
Yredelemnul
Zin
The Shining One

Shops:
D:3 *   D:4 ?   D:11 :

Annotations:
D:3 Purgy
D:5 UnderDream's ghost, novice HuFi
Swamp:2 Donald


Innate Abilities, Weirdness & Mutations

You can translocate small distances at will.
You possess an exceptional clarity of mind.


Message History

Casting: Throw Icicle (safe; 1% risk of failure)
Confirm with . or Enter, or press ? or * to list all spells.
Aiming: Throw Icicle (safe; 1% risk of failure)
Press: ? - help, Shift-Dir - straight line, f/p - Donald
Aim: Donald, wielding a demon trident of electrocution, wearing a chain mail and wearing a shield (severely wounded, unusually strong)
You feel a surge of power!
The shard of ice hits Donald.
Donald is almost dead.
Donald hits you from afar with a demon trident of electrocution!
* * * LOW HITPOINT WARNING * * *
The alligator puts on a burst of speed!
Unknown command.
Casting: Throw Icicle (safe; 1% risk of failure)
Confirm with . or Enter, or press ? or * to list all spells.
Aiming: Throw Icicle (safe; 1% risk of failure)
Press: ? - help, Shift-Dir - straight line, f/p - Donald
Aim: Donald, wielding a demon trident of electrocution, wearing a chain mail and wearing a shield (almost dead, unusually strong)
You feel a surge of power!
Donald blocks the shard of ice.
Donald winces.
Donald hits you from afar with a demon trident of electrocution!
You die...

..♣ ♣♣.≈.≈≈≈.♣ .♣.
♣≈.....≈.♣ ♣≈ .♣♣
♣≈≈≈≈♣.≈.♣ . . ..♣♣
♣♣.≈≈≈≈.≈≈. ♣.♣ ♣.
♣♣.♣♣♣.≈..≈♣..≈.
t.♣♣.♣♣.♣≈♣≈.≈♣.≈≈≈.≈≈
.@♣..♣.≈.≈≈≈♣≈≈♣....
♣.♣..≈.♣...♣≈≈≈....
♣@♣.≈♣≈..♣♣≈≈♣≈≈≈
♣.♣♣≈♣≈≈.♣ .§≈≈.
.♣♣♣♣.≈.♣♣ ≈≈≈≈ .♣
♣≈≈≈♣ ♣♣ ≈≈≈♣♣ ≈≈♣ ≈.
≈≈


You could see Donald and an alligator.

Vanquished Creatures
  Gastronok (D:8)
  Josephine (D:10)
  Harold (D:12)
  2 centaur warriors (D:13)
  3 hydras
  7 two-headed ogres
  Erica (D:9)
  The ghost of w00t the Protected, a novice GnWn of the Shining One (D:9)
  The ghost of adolchristin the Cleaver, a novice MiFi of Okawaru (Lair:1)
  Sonja (D:11)
  A skeletal warrior (D:13)
  2 unseen horrors
  2 swamp dragons (Swamp:1)
  4 oklob plants (Lair:2)
  An orc knight (D:13)
  2 ugly things
  4 manticores
  2 cyclopes
  2 black mambas
  5 spiny frogs
  Maurice (D:8)
  2 rime drakes
  3 komodo dragons
  A kobold demonologist (D:13)
  The ghost of puissantveil the Digger, a novice GrEE (D:4)
  A tengu conjurer (D:13)
  2 trolls
  3 polar bears (Lair:3)
  A tyrant leech (Swamp:1)
  4 hippogriffs
  A raiju (shapeshifter) (D:13)
  A bog body (Lair:3)
  A hornet (D:11)
  7 dream sheep
  10 blink frogs
  8 slime creatures
  2 shadows
  A wyvern (D:10)
  4 wraiths (D:10)
  3 basilisks
  4 vampire mosquitoes (Swamp:1)
  24 yaks
  Grum (D:8)
  A hungry ghost (D:11)
  Menkaure (D:4)
  3 swamp worms (Swamp:1)
  8 water moccasins
  10 porcupines
  2 swamp drakes (Swamp:1)
  5 orc warriors
  4 ice beasts
  3 black bears
  3 phantoms
  7 sky beasts
  8 ogres
  7 wolves (D:8)
  8 centaurs
  12 crocodiles
  7 big kobolds
  13 bullfrogs
  A wyvern zombie (D:9)
  A wyvern skeleton (D:7)
  7 scorpions
  A water moccasin skeleton (D:6)
  2 killer bees (D:9)
  9 howler monkeys
  An electric eel (Lair:3)
  8 crimson imps
  A centaur zombie (D:9)
  A quasit (D:9)
  A bullfrog zombie (D:9)
  4 centaur skeletons
  7 hounds
  3 jellies
  9 orc wizards
  5 orc priests
  Jessica (D:2)
  5 bullfrog skeletons
  4 iguanas
  15 worker ants
  A killer bee zombie (D:9)
  A hound zombie (D:10)
  Robin (D:2)
  A howler monkey skeleton (D:3)
  3 gnolls (D:10)
  14 adders
  2 shadow imps
  2 oozes
  An adder zombie (D:7)
  5 worms
  3 dart slugs (D:1)
  6 leopard geckos
  34 orcs
  5 giant cockroaches
  7 hobgoblins
  6 jackals
  14 kobolds
  7 quokkas
  A ball python (D:2)
  8 bats
  3 frilled lizards
  20 goblins
  A jackal skeleton (D:7)
  A jackal zombie (D:5)
  2 leopard gecko skeletons (D:6)
  A leopard gecko zombie (D:5)
  5 rats
  4 plants
477 creatures vanquished.

Vanquished Creatures (collateral kills)
  2 yaks (D:9)
  A hungry ghost (D:5)
  An orc warrior (D:5)
  3 killer bees (D:9)
7 creatures vanquished.

Vanquished Creatures (others)
  4 fungi
  8 plants
12 creatures vanquished.

Grand Total: 496 creatures vanquished

Notes
Turn   | Place    | Note
-------+----------+-------------------------------------------
     0 | D:1      | Jarlath the Deep Elf Ice Elementalist began the quest for the Orb.
     0 | D:1      | Reached XP level 1. HP: 10/10 MP: 6/6
   210 | D:1      | Reached XP level 2. HP: 13/15 MP: 8/8
   218 | D:1      | Reached skill level 4 in Ice Magic
  1296 | D:2      | Reached XP level 3. HP: 14/19 MP: 5/9
  1311 | D:2      | Learned a level 3 spell: Ozocubu's Armour
  1419 | D:2      | Reached skill level 1 in Shields
  1638 | D:2      | Noticed Jessica
  1665 | D:2      | Killed Jessica
  1665 | D:2      | Reached XP level 4. HP: 18/24 MP: 3/10
  1742 | D:2      | Found a faded altar of an unknown god.
  2071 | D:2      | Reached skill level 5 in Ice Magic
  2570 | D:2      | Learned a level 4 spell: Summon Ice Beast
  2744 | D:2      | Noticed Robin
  2750 | D:2      | Killed Robin
  2755 | D:2      | Found a glowing golden altar of the Shining One.
  3131 | D:3      | Reached XP level 5. HP: 28/28 MP: 11/11
  3290 | D:3      | Found Zin's Purification Station.
  3290 | D:3      | Found a glowing silver altar of Zin.
  3291 | D:3      | Noticed Purgy
  3440 | D:4      | Found Kejom's Magic Scroll Boutique.
  3466 | D:4      | Noticed Menkaure
  3475 | D:4      | Killed Menkaure
  3475 | D:4      | Reached XP level 6. HP: 11/32 MP: 8/12
  3538 | D:4      | Got a faintly humming robe
  3545 | D:4      | Noticed puissantveil's ghost (novice GrEE)
  3584 | D:3      | Found a snail-covered altar of Cheibriados.
  3695 | D:5      | Entered Level 5 of the Dungeon
  3766 | D:5      | Noticed a sky beast
  3801 | D:5      | Killed a sky beast
  3801 | D:5      | Reached skill level 6 in Ice Magic
  3834 | D:5      | Noticed an orc warrior
  3851 | D:5      | Reached XP level 7. HP: 24/36 MP: 1/14
  4121 | D:5      | Noticed a hungry ghost
  4142 | D:5      | Killed a hungry ghost
  4150 | D:5      | Identified the +1 robe of Amorality {-Cast rPois MP-9 Str+8} (You found it on level 4 of the Dungeon)
  4330 | D:5      | Reached skill level 5 in Spellcasting
  4415 | D:5      | Learned a level 4 spell: Throw Icicle
  4417 | D:5      | Noticed UnderDream's ghost (novice HuFi)
  4456 | D:5      | Reached skill level 7 in Ice Magic
  4701 | D:5      | Reached XP level 8. HP: 16/41 MP: 15/20
  5261 | D:4      | Killed puissantveil's ghost
  5264 | D:4      | Bought a scroll of blinking for 82 gold pieces
  5264 | D:4      | Bought a scroll of blinking for 82 gold pieces
  5264 | D:4      | Bought a scroll of teleportation for 33 gold pieces
  5264 | D:4      | Bought a scroll of teleportation for 33 gold pieces
  5297 | D:4      | Found a radiant altar of Vehumet.
  5312 | D:4      | Became a worshipper of Vehumet
  5340 | D:4      | Found an opulent altar of Gozag.
  5565 | D:6      | Reached skill level 8 in Ice Magic
  6055 | D:6      | Found a stormy altar of Qazlal.
  6183 | D:6      | Reached skill level 5 in Conjurations
  6382 | D:6      | Reached XP level 9. HP: 26/45 MP: 23/23
  6832 | D:7      | Reached * piety under Vehumet
  6832 | D:7      | Offered knowledge of Sting by Vehumet.
  7062 | D:7      | Reached skill level 9 in Ice Magic
  7773 | D:7      | Got a crystal dagger {pierce}
  7774 | D:7      | Identified the +6 dagger of the Boiling Point {pierce, rElec rPois Str-3} (You took it off a crimson imp on level 7 of the Dungeon)
  7847 | D:7      | Found a white marble altar of Elyvilon.
  7873 | D:7      | Identified a scroll of acquirement
  7874 | D:7      | Got a pair of slimy gloves
  7880 | D:7      | Identified the +5 pair of gloves of Bouguviph {rElec} (You acquired it on level 7 of the Dungeon)
  8047 | D:7      | Found a staircase to the Ecumenical Temple.
  8117 | D:7      | Found a shimmering altar of Xom.
  8117 | D:7      | Found an ornate altar of the Wu Jian Council.
  8308 | D:8      | Noticed a two-headed ogre
  8600 | D:8      | Noticed Grum
  8603 | D:8      | Killed Grum
  8659 | D:8      | Reached skill level 10 in Ice Magic
  8894 | D:8      | Reached XP level 10. HP: 50/50 MP: 16/24
  9068 | D:8      | Offered knowledge of Searing Ray by Vehumet.
  9083 | D:8      | Found a sparkling altar of Nemelex Xobeh.
  9133 | D:8      | Noticed Maurice
  9139 | D:8      | Killed Maurice
  9139 | D:8      | Reached ** piety under Vehumet
  9139 | D:8      | Reached skill level 10 in Conjurations
  9155 | D:8      | Noticed Gastronok
  9182 | D:8      | Killed Gastronok
  9182 | D:8      | Reached skill level 11 in Ice Magic
  9370 | D:8      | Found a staircase to the Lair.
  9516 | D:9      | Noticed a cyclops
  9519 | D:9      | Killed a cyclops
  9750 | D:9      | Found a basalt altar of Yredelemnul.
  9821 | D:9      | Reached XP level 11. HP: 54/54 MP: 26/26
  9873 | D:9      | Offered knowledge of Static Discharge by Vehumet.
 10089 | D:9      | Noticed w00t's ghost (novice GnWn)
 10095 | D:9      | Killed w00t's ghost
 10233 | D:9      | Noticed Erica
 10237 | D:9      | Killed Erica
 10237 | D:9      | Reached skill level 10 in Spellcasting
 10257 | D:9      | Reached *** piety under Vehumet
 10295 | D:9      | Reached skill level 5 in Stealth
 10317 | D:9      | Found a bloodstained altar of Trog.
 10368 | D:9      | Noticed a two-headed ogre
 10370 | D:9      | Killed a two-headed ogre
 10466 | D:10     | Entered Level 10 of the Dungeon
 10500 | D:10     | Killed a two-headed ogre
 10500 | D:10     | Reached skill level 12 in Ice Magic
 10522 | D:10     | Offered knowledge of Olgreb's Toxic Radiance by Vehumet.
 10784 | D:10     | Noticed Josephine
 10827 | D:10     | Killed Josephine
 11744 | D:10     | Noticed a two-headed ogre
 12058 | D:10     | Reached **** piety under Vehumet
 12331 | D:10     | Noticed a three-headed hydra
 12360 | D:10     | Killed a three-headed hydra
 12360 | D:10     | Reached XP level 12. HP: 59/59 MP: 29/30
 12611 | D:10     | Killed a two-headed ogre
 12611 | D:10     | Offered knowledge of Fireball by Vehumet.
 12614 | D:10     | Reached skill level 13 in Ice Magic
 13083 | D:11     | Noticed Sonja
 13099 | D:11     | Killed Sonja
 13122 | D:11     | Noticed a two-headed ogre
 13125 | D:11     | Killed a two-headed ogre
 13248 | D:11     | Learned a level 6 spell: Freezing Cloud
 13465 | D:11     | Reached skill level 10 in Stealth
 13537 | D:11     | Found Geshre's Book Shop.
 13964 | D:12     | Noticed a two-headed ogre
 13969 | D:12     | Killed a two-headed ogre
 14024 | D:12     | Found a staircase to the Orcish Mines.
 14027 | D:12     | Noticed a two-headed ogre
 14039 | D:12     | Killed a two-headed ogre
 14053 | D:12     | Reached skill level 14 in Ice Magic
 14639 | D:12     | Reached skill level 1 in Air Magic
 15117 | D:12     | Noticed Harold
 15121 | D:12     | Killed Harold
 16008 | D:12     | Learned a level 4 spell: Summon Lightning Spire
 16018 | D:13     | Noticed a centaur warrior
 16019 | D:13     | Noticed a two-headed ogre
 16020 | D:13     | Killed a centaur warrior
 16023 | D:13     | Killed a two-headed ogre
 16023 | D:13     | Reached XP level 13. HP: 60/63 MP: 15/31
 16319 | D:13     | Reached ***** piety under Vehumet
 16319 | D:13     | Reached skill level 5 in Air Magic
 16564 | D:13     | Offered knowledge of Airstrike by Vehumet.
 18207 | D:13     | Found a gate to the Vaults.
 18445 | D:13     | Gained mutation: You can translocate small distances at will. [potion of mutation]
 18445 | D:13     | Gained mutation: You possess an exceptional clarity of mind. [potion of mutation]
 18737 | Lair:1   | Entered Level 1 of the Lair of Beasts
 18970 | D:8      | Reached skill level 15 in Ice Magic
 19846 | Lair:1   | Noticed adolchristin's ghost (novice MiFi)
 19852 | Lair:1   | Killed adolchristin's ghost
 20521 | Lair:2   | Found the +8 autumn katana {slice, Clar}
 20946 | Lair:2   | Found the +8 frozen axe "Frostbite" {freezing cloud, *Noise +Fly rC+}
 20954 | Lair:2   | Offered knowledge of Bolt of Cold by Vehumet.
 20962 | Lair:2   | Learned a level 6 spell: Bolt of Cold
 21163 | Lair:2   | Got a jewelled helmet
 21179 | Lair:2   | Identified the cursed +0 helmet of Pride {rF+ Str+5} (You found it on level 2 of the Lair of Beasts)
 21794 | Lair:3   | Reached XP level 14. HP: 68/68 MP: 29/32
 22019 | Lair:3   | Found a staircase to the Swamp.
 22174 | Swamp:1  | Entered Level 1 of the Swamp
 23322 | Swamp:2  | Noticed Donald
 23330 | Swamp:2  | Mangled by Donald

Vault maps used:
D:1:      roderic_crossed_star, minmay_tromino_i2
D:2:      old_standard_altar, chequers_ecumenical_altar_island,
          corexii_hall_statues_deadend, minmay_door_square, uniq_jessica,
          uniq_robin
D:3:      led_sif_pool, zin_purify, lemuel_round_altar, first_ration, uniq_purgy
D:4:      kennysheep_mini, overflow_temple_1_default, serial_shops,
          nicolae_shop_waterfront, uniq_menkaure
D:5:      cheibrodos_barr_body
D:6:      nicolae_qazlal_general_emergency
D:7:      old_standard_altar, gammafunk_temple_overflow_elements,
          temple_fountains, kennysheep_generic_room_9
D:8:      nemelex_altar_shiori, minmay_lair_entry_grove, uniq_grum,
          uniq_maurice, uniq_gastronok
D:9:      lemuel_crystal_altar, yredelemnul_altar_generic, uniq_erica
D:10:     hangedman_ranch, hive_lemuel, uniq_josephine
D:11:     serial_shops, shop_fountains, uniq_sonja
D:12:     david_orc_3, st_stairs_9, uniq_harold
D:13:     hangedman_vaults_entry_quadrant_bands
Lair:2:   st_stairs_7, minmay_lair_oklob_chamber
Lair:3:   minmay_swamp_entry_reptiles, special_room, serial_bayou_ford_a,
          cheibrodos_lair_lostbears
Swamp:1:  nicolae_swamp_dense_foliage
Swamp:2:  nicolae_swamp_very_dense_foliage, swamp_pool1,
          nicolae_swamp_snake_nest, uniq_kirke, uniq_donald, uniq_roxanne

Skill      XL: |  1  2  3  4  5  6  7  8  9 10 11 12 13 |
---------------+----------------------------------------+-----
Ice Magic      | 4 5 6 7 8 10 11 12 14 15 | 15.0
Shields        | 1 2 3 4 |  4.3
Spellcasting   | 6 8 9 12 | 12.2
Conjurations   | 5 9 11 13 | 13.8
Stealth        | 3 8 11 | 11.2
Air Magic      | 4 9 |  9.4
Dodging        | |  2.4

Action                   |  1- 3 |  4- 6 |  7- 9 | 10-12 | 13-15 || total
-------------------------+-------+-------+-------+-------+-------++-------
Melee: Short sword       |    42 |    68 |       |       |       ||   110
       Unarmed           |     2 |       |       |       |       ||     2
       Dagger            |       |    80 |   257 |   207 |    12 ||   556
 Cast: Freeze            |    29 |    30 |    20 |     1 |       ||    80
       Ozocubu's Armour  |     2 |     7 |    12 |     7 |       ||    28
       Summon Ice Beast  |       |     1 |     2 |     4 |       ||     7
       Throw Icicle      |       |       |    59 |   247 |   220 ||   526
       Freezing Cloud    |       |       |       |     2 |    14 ||    16
       Summon Lightning  |       |       |       |       |     1 ||     1
Evoke: Wand              |       |       |       |     1 |       ||     1
  Use: Potion            |     2 |     3 |     2 |     5 |     4 ||    16
       Scroll            |       |     7 |     8 |    12 |    14 ||    41
 Stab: Sleeping          |     2 |     4 |     3 |       |       ||     9
       Distracted        |       |       |     1 |     1 |       ||     2
  Eat: Chunk             |     2 |     8 |    18 |    12 |     4 ||    44
       Ration            |       |       |     1 |     4 |     6 ||    11
Armor: Robe              |     5 |    53 |    70 |    69 |    25 ||   222
       Skin              |       |       |     1 |       |       ||     1
Dodge: Dodged            |    48 |   111 |   174 |   123 |    49 ||   505
Block: Buckler           |     4 |    36 |    91 |    79 |    20 ||   230

Table legend:
 A = Spawn XP
 B = Non-spawn XP
 C = Spawn XP percentage of total XP
 D = Spawn monster count
 E = Non-spawn monster count
 F = Spawn count percentage of total count
 G = Total turns spent on level
                    A         B        C        D         E        F      G
               +---------+---------+-------+---------+---------+-------+---------
         Total |       0 |   72335 |   0.0 |       0 |     480 |   0.0 | 23330
               +---------+---------+-------+---------+---------+-------+---------
           D:1 |       0 |      35 |   0.0 |       0 |      17 |   0.0 |  1270
           D:2 |       0 |     160 |   0.0 |       0 |      39 |   0.0 |  1889
           D:3 |       0 |      68 |   0.0 |       0 |      16 |   0.0 |   358
           D:4 |       0 |     737 |   0.0 |       0 |      15 |   0.0 |   539
           D:5 |       0 |     936 |   0.0 |       0 |      27 |   0.0 |  1435
           D:6 |       0 |    1174 |   0.0 |       0 |      22 |   0.0 |  1658
           D:7 |       0 |    1075 |   0.0 |       0 |      23 |   0.0 |  1026
           D:8 |       0 |    7242 |   0.0 |       0 |      39 |   0.0 |  1777
           D:9 |       0 |    5714 |   0.0 |       0 |      38 |   0.0 |  1636
          D:10 |       0 |    8839 |   0.0 |       0 |      66 |   0.0 |  1966
          D:11 |       0 |    4908 |   0.0 |       0 |      22 |   0.0 |  1027
          D:12 |       0 |    7118 |   0.0 |       0 |      33 |   0.0 |  2105
          D:13 |       0 |   11064 |   0.0 |       0 |      36 |   0.0 |  2456
        Lair:1 |       0 |    6049 |   0.0 |       0 |      29 |   0.0 |  1329
        Lair:2 |       0 |    6545 |   0.0 |       0 |      19 |   0.0 |  1024
        Lair:3 |       0 |    6083 |   0.0 |       0 |      23 |   0.0 |  1155
       Swamp:1 |       0 |    3774 |   0.0 |       0 |      14 |   0.0 |   647
       Swamp:2 |       0 |     814 |   0.0 |       0 |       2 |   0.0 |    33
               +---------+---------+-------+---------+---------+-------+---------
